 Dungeon Crawl Stone Soup version 0.31.0-11-ge490571c62 (webtiles) character file.

Game seed: 7714292699057829100

49 qw the Shooter (level 3, -3/18 HPs)
             Began as a Spriggan Hunter on Feb 4, 2024.
             Slain by a gnoll
             ... wielding a +0 club
              (6 damage)
             ... on level 2 of the Dungeon.
             The game lasted 00:00:03 (832 turns).

qw the Shooter (Spriggan Hunter)                     Turns: 832, Time: 00:00:04

Health: -3/18      AC:  2    Str:  7    XL:     3   Next: 53%
Magic:  4/4        EV: 19    Int: 10    God:
Gold:   61         SH:  0    Dex: 20    Spells: 2/2 levels left

rFire   . . .        a - +0 shortbow
rCold   . . .        (shield currently unavailable)
rNeg    . . .        c - +0 robe
rPois   .            (helmet restricted)
rElec   .            (no cloak)
rCorr   .            (gloves unavailable)
SInv    +            (boots unavailable)
Will    .....        (no amulet)
Stlth   ++           (no ring)
HPRegen 0.23/turn    (no ring)
MPRegen 0.09/turn

%: no passive effects
@: very quick
A: very small, no large weapons, unfitting armour, see invisible, speed 3
a: no special abilities


You were on level 2 of the Dungeon.
You visited 1 branch of the dungeon, and saw 2 of its levels.

You collected 61 gold pieces.


Innate Abilities, Weirdness & Mutations

You are very small and have problems with some larger weapons.
You are too small for most types of armour.
You have supernaturally acute eyesight. (SInv)
You cover ground extremely quickly. (Speed+++)


   Skills:
 - Level 1.5 Fighting
 + Level 4.8 Ranged Weapons
 - Level 4.0 Dodging
 - Level 1.5 Stealth


You had 2 spell levels left.
You didn't know any spells.
Your spell library was empty.

Inventory:

Hand Weapons
 a - a +0 shortbow (weapon)
Armour
 c - a +0 robe (worn)
Jewellery
 b - a ring of fire
Potions
 h - 3 potions of curing

Dungeon Overview and Level Annotations

Branches:
Dungeon (2/15)

Altars:


Message History

You shoot an arrow. The arrow barely misses the gnoll.
The gnoll completely misses you. The gnoll barely misses you.
You shoot an arrow. The arrow barely misses the gnoll.
The arrow hits the gnoll but does no damage.
The gnoll misses you. The gnoll barely misses you.
You shoot an arrow. The arrow hits the gnoll.
The gnoll is heavily wounded.
The gnoll hits you from afar with a +0 halberd!
The gnoll barely misses you.
You shoot an arrow. The arrow hits the gnoll.
The gnoll is heavily wounded.
The gnoll closely misses you.
You shoot an arrow. The arrow hits the gnoll!
You kill the gnoll!
The gnoll barely misses you.
You shoot an arrow. The arrow closely misses the gnoll.
The arrow hits the gnoll!
The gnoll is almost dead.
The gnoll closely misses you. x2
You shoot an arrow.
The arrow hits the gnoll but does no damage.
The gnoll misses you. x2; The gnoll hits you with a +0 club.
The gnoll closely misses you.
You shoot an arrow. The arrow hits the gnoll!
The gnoll is heavily wounded.
The gnoll completely misses you.
You shoot an arrow. The arrow hits the gnoll!
You kill the gnoll!
The gnoll completely misses you.
You shoot an arrow. The arrow hits the gnoll.
The gnoll is moderately wounded.
The gnoll completely misses you. The gnoll hits you with a +0 club!
You shoot an arrow. The arrow closely misses the gnoll.
The arrow hits the gnoll but does no damage.
The gnoll is severely wounded.
The gnoll misses you.
You shoot an arrow. The arrow hits the gnoll!
The gnoll is almost dead.
The gnoll closely misses you. The gnoll hits you with a +0 club.
You die...

#. .#.. . #.## ##.
.###...## #... ... ...
#.. #..g ###.. ..###..
#... ...# . #...#.
##.. g..###...###...#.
#..g#...#.......#...#.
#...g###.[.###...###..
#...#@....#...#.....#.
##..#...###...###...#.
#...#..#...#.#...#..#.
#....###...#.#...###..
#......#...#.#...#..%.
#..##...###...###.....
##. ##.....#.#.....###
# ###:..#.#...### #
#...#.#..## #


You could see 2 gnolls.

Vanquished Creatures
  2 gnolls (D:2)
  A dart slug (D:2)
  3 endoplasms
  2 giant cockroaches
  A hobgoblin (D:1)
  A kobold (D:1)
  3 quokkas
  6 ball pythons (D:1)
  3 bats
  A frilled lizard (D:1)
  2 goblins (D:2)
  2 rats
27 creatures vanquished.

Notes
Turn   | Place    | Note
-------+----------+-------------------------------------------
     0 | D:1      | qw the Spriggan Hunter began the quest for the Orb.
     0 | D:1      | Reached XP level 1. HP: 10/10 MP: 2/2
     0 | D:1      | 0 ||| qw: Version: 0.3-a-160-g6735b56
     0 | D:1      | 0 ||| qw: Game counter: 4622
     0 | D:1      | 0 ||| qw: Melee chars always use a shield: true
     0 | D:1      | 0 ||| qw: God list: Okawaru
     0 | D:1      | 0 ||| qw: Allow faded altars: false
     0 | D:1      | 0 ||| qw: Do Orc after clearing Dungeon:15 true
     0 | D:1      | 0 ||| qw: Do second Lair branch before Depths: true
     0 | D:1      | 0 ||| qw: Lair rune preference: random
     0 | D:1      | 0 ||| qw: Goals: Normal
     0 | D:1      | 0 ||| PLANNING D:1-11
    54 | D:1      | Reached skill level 3 in Dodging
   195 | D:1      | Reached XP level 2. HP: 14/14 MP: 3/3
   646 | D:1      | 646 ||| DROPPING scarf of invisibility.
   647 | D:1      | 647 ||| READING 3 scrolls labelled ROREKK LESM.
   647 | D:1      | 647 ||| IDENTIFYING glowing inky potion
   648 | D:1      | 648 ||| READING 2 scrolls of identify.
   648 | D:1      | 648 ||| IDENTIFYING sedimented puce potion
   649 | D:1      | 649 ||| READING scroll of identify.
   649 | D:1      | 649 ||| IDENTIFYING scroll labelled PIFUNT ALAQISCH
   650 | D:1      | 650 ||| DROPPING scroll of butterflies.
   651 | D:1      | 651 ||| DROPPING scroll of poison.
   652 | D:1      | 652 ||| DROPPING potion of brilliance.
   795 | D:2      | Reached XP level 3. HP: 18/18 MP: 4/4
   820 | D:2      | 820 ||| RETREEEEATING.
   830 | D:2      | HP: 3/18 [gnoll/+0 club (8)]
   832 | D:2      | Slain by a gnoll

Levels and vault maps discovered:
D:1:      matt_arrival_grand_opening, layout_basic
D:2:      layout_rooms, nicolae_titane

Skill      XL: |  1  2 |
---------------+-------+-----
Dodging        | 3 4 |  4.0
Fighting       | |  1.5
Ranged Weapons | |  4.8
Stealth        | |  1.5

Action                     || total
---------------------------++-------
   Fire: Shortbow          ||    64
    Use: Scroll            ||     3
 Armour: Robe              ||     4
  Dodge: Dodged            ||    24

Table legend:
 A = Non-vault XP
 B = Vault XP
 C = Vault XP percentage of total XP
 D = Non-vault monster count
 E = Vault monster count
 F = Vault count percentage of total count
                 A         B        C        D         E       F
            +---------+---------+-------+---------+---------+-------
      Total |      71 |       0 |   0.0 |      27 |       0 |   0.0
            +---------+---------+-------+---------+---------+-------
        D:1 |      25 |       0 |   0.0 |      16 |       0 |   0.0
        D:2 |      46 |       0 |   0.0 |      11 |       0 |   0.0
            +---------+---------+-------+---------+---------+-------
